 Dungeon Crawl Stone Soup version 0.29.1-15-g9cfb28693d (webtiles) character file.

Game seed: 8733570764075283616

23475 LustLizard the Grappler (level 12, -1/123 HPs)
             Began as a Troll Fighter on Apr 1, 2023.
             Was a High Priest of Wu Jian.
             Slain by Agnes
             ... wielding a +2 lajatang of electrocution
              (17 damage)
             ... on level 14 of the Dungeon.
             The game lasted 00:29:33 (12726 turns).

LustLizard the Grappler (Troll Fighter)            Turns: 12726, Time: 00:29:34

Health: -1/123     AC: 15    Str: 27    XL:     12   Next: 72%
Magic:  11/11      EV: 10    Int:  8    God:    Wu Jian [*****.]
Gold:   649        SH: 11    Dex:  9    Spells: 11/11 levels left

rFire   . . .      SeeInvis .     - Unarmed
rCold   + . .      Faith    .   s - +1 kite shield {rC+}
rNeg    . . .      Spirit   .   c - +0 troll leather armour {Pargi}
rPois   +          Reflect  .   k - +2 hat
rElec   .          Harm     .   G - +2 cloak {Stlth+}
rCorr   .          Rampage  .   (gloves unavailable)
Will    .....                   (boots unavailable)
Stlth   ++........              t - amulet of magic regeneration
HPRegen 1.90/turn               j - +4 ring of protection
MPRegen 0.52/turn               o - ring of poison resistance

@: hasted, very quick
A: large, unfitting armour, claws 3, regeneration 1, shaggy fur 1, tough skin 1
a: Renounce Religion, Wall Jump, Serpent's Lash, Heavenly Storm


You were on level 14 of the Dungeon.
You worshipped Wu Jian.
Wu Jian was extremely pleased with you.
You visited 1 branch of the dungeon, and saw 14 of its levels.
You also visited: Sewer and Ice Cave.

You collected 1065 gold pieces.
You spent 416 gold pieces at shops.

Inventory:

Hand Weapons
 L - the +9 war axe of Gafragip {flame, rF+ Int+3}
   (You found it on level 11 of the Dungeon)

   It burns those it strikes, dealing additional fire damage.
   Big, fiery blades are also staple armaments of hydra-hunters.
   Int:       It affects your intelligence (+3).
   rF:        It protects you from fire.
Missiles
 m - 34 poisoned darts (quivered)
 B - 2 datura-tipped darts
Armour
 c - a +0 troll leather armour (worn) {Pargi}
 k - a +2 hat (worn)
 s - a +1 kite shield of cold resistance (worn)
 v - +0 acid dragon scales
 G - a +2 cloak of stealth (worn)
Jewellery
 j - a +4 ring of protection (left claw)
 o - a ring of poison resistance (right claw)
 t - an amulet of magic regeneration (around neck)
 y - a ring of wizardry
 H - a +6 ring of strength
 O - a ring of ice
 P - a ring of protection from cold
 Q - a ring of flight
Wands
 u - a wand of paralysis (21)
 A - a wand of mindburst (23)
 C - a wand of iceblast (33)
 F - a wand of flame (39)
 K - a wand of polymorph (7)
Scrolls
 d - 4 scrolls of enchant weapon
 g - 3 scrolls of fog
 i - 6 scrolls of teleportation
 q - 2 scrolls of amnesia
 r - a scroll of fear
 x - 2 scrolls of magic mapping
 D - 2 scrolls of poison
 E - a scroll of silence
Potions
 a - 2 potions of berserk rage
 b - a potion of lignification
 f - a potion of haste
 h - a potion of brilliance
 l - 4 potions of curing
 n - a potion of cancellation
 p - 2 potions of heal wounds
 w - 2 potions of invisibility
 z - 5 potions of ambrosia
 I - a potion of might
 J - 2 potions of mutation
Miscellaneous
 M - a condenser vane
 N - a phial of floods


   Skills:
 + Level 9.0 Fighting
 + Level 7.0 Dodging
 + Level 9.8 Shields
 * Level 14.4 Unarmed Combat


You had 11 spell levels left.
You didn't know any spells.
Your spell library contained the following spells:

 Spells                   Type           Power      Damage    Failure   Level
 Beastly Appendage        Tmut           0%         N/A       67%         1
 Summon Small Mammal      Summ           0%         N/A       67%         1
 Sublimation of Blood     Necr           0%         N/A       80%         2
 Wereblood                Tmut           0%         N/A       80%         2
 Call Canine Familiar     Summ           0%         N/A       95%         3
 Dazzling Flash           Conj/Hex       0%         N/A       95%         3
 Inner Flame              Hex/Fire       0%         N/A       95%         3
 Ozocubu's Armour         Ice            0%         N/A       95%         3
 Spider Form              Tmut/Pois      0%         N/A       95%         3
 Stone Arrow              Conj/Erth      0%         3d7       95%         3
 Summon Guardian Golem    Hex/Summ       0%         N/A       95%         3
 Animate Armour           Summ/Erth      0%         N/A       100%        4
 Cause Fear               Hex            0%         N/A       100%        4
 Hailstorm                Conj/Ice       0%         3d3       100%        4
 Ice Form                 Ice/Tmut       0%         N/A       100%        4
 Iskenderun's Mystic Bla  Conj/Tloc      0%         2d3       100%        4
 Simulacrum               Ice/Necr       0%         N/A       100%        6
 Starburst                Conj/Fire      0%         6d3       100%        6
 Ozocubu's Refrigeration  Ice            0%         4d7       100%        7
 Summon Hydra             Summ           0%         N/A       100%        7
 Discord                  Hex            0%         N/A       100%        8
 Lehudib's Crystal Spear  Conj/Erth      0%         10d2      100%        8


Dungeon Overview and Level Annotations

Branches:
Dungeon (14/15)            Temple (0/1) D:7            Lair (0/5) D:8
    Orc (0/2) D:12          Sewer (visited)           IceCv (visited)
 Vaults: D:13-14

Altars:
Ashenzari
Cheibriados
Dithmenos
Makhleb
Wu Jian
Xom
Zin
The Shining One

Shops:
D:7 [   D:9 :   D:11 *   D:12 [*(?!

Portals:
Trove: D:10 (give +3 ice dragon scales)

Annotations:
D:3 1 runed translucent door, Andrakon's ghost, amateur MiFi
D:12 2 runed translucent doors, SuperSeabass's ghost, journeyman MeAE
D:13 exclusion: door
D:14 Agnes


Innate Abilities, Weirdness & Mutations

You are too large for most types of armour.
You have claws for hands.
Your natural rate of healing is unusually fast.
You are covered in fur. (AC +1)
You have tough skin. (AC +1)


Message History

You mangle Agnes!!
Agnes is moderately wounded.
You block Agnes's attack.
You claw Agnes!
Agnes is moderately wounded.
You block Agnes's attack.
You closely miss Agnes.
Agnes is moderately wounded.
Agnes hits you with a +2 lajatang of electrocution!
You miss Agnes.
Agnes is moderately wounded.
Agnes hits you with a +2 lajatang of electrocution!
You mangle Agnes!!
Agnes is severely wounded.
Agnes hits you with a +2 lajatang of electrocution!
You are electrocuted!
You block Agnes's attack.
You completely miss Agnes.
Agnes is severely wounded.
Agnes hits you with a +2 lajatang of electrocution!
You mangle Agnes!!
Agnes is almost dead.
You block Agnes's attack.
You closely miss Agnes.
Agnes is almost dead.
You block Agnes's attack.
You barely miss Agnes.
Agnes is almost dead.
Agnes hits you with a +2 lajatang of electrocution!!
* * * LOW HITPOINT WARNING * * *
You closely miss Agnes.
Agnes is almost dead.
Agnes hits you with a +2 lajatang of electrocution!
* * * LOW HITPOINT WARNING * * *
You scratch Agnes but do no damage.
Agnes is almost dead.
You block Agnes's attack.
You closely miss Agnes.
Agnes is almost dead.
Agnes hits you with a +2 lajatang of electrocution!
You die...

.......#....##..#
.......#.....#..#
.......#.....#..###
.......##'''##....#
..................#
.>..<.............#
########..........#
#..........#
#........@.#
#.####+###i# #.#
#.# #.# #.# #.#
#.## #.# #..# #..#
#..# #..#


You could see Agnes.

Vanquished Creatures
  A hydra (D:13)
  A boulder beetle (D:11)
  6 two-headed ogres
  Pikel (D:8)
  A cyclops (D:12)
  A manticore (D:12)
  An ice statue (IceCv)
  Joseph (D:8)
  A gargoyle (D:13)
  Maggie (D:6)
  2 rime drakes (D:12)
  A freezing wraith (D:13)
  An efreet (D:11)
  2 unseen horrors (D:12)
  An anaconda simulacrum (IceCv)
  2 trolls
  An ice devil (IceCv)
  A queen bee (D:11)
  6 slime creatures (D:13)
  A dire elephant simulacrum (IceCv)
  21 yaks
  4 fire bats (D:12)
  Grum (D:8)
  4 death yak simulacra (IceCv)
  3 vampire mosquitoes (D:12)
  A steam dragon (D:7)
  A harpy simulacrum (IceCv)
  A warg (shapeshifter) (D:13)
  A water moccasin (D:8)
  A hell hound (D:12)
  4 acid dragons
  3 sky beasts (D:7)
  6 orc warriors
  Pargi (Sewer)
  4 wolves (D:8)
  4 ice beasts
  5 centaurs
  3 kobold brigands
  3 lemures (D:8)
  3 bullfrogs
  2 gnoll sergeants
  A necrophage (D:4)
  4 cane toad simulacra (IceCv)
  A two-headed ogre simulacrum (IceCv)
  3 scorpions
  7 wights (D:8)
  2 elephant simulacra (IceCv)
  32 killer bees
  3 howler monkeys
  4 electric eels (D:12)
  2 lava snakes (D:12)
  8 orc priests
  Crazy Yiuf (D:7)
  3 hounds
  4 jellies
  A gnoll bouda (D:7)
  6 iguanas
  11 orc wizards
  3 polar bear simulacra (IceCv)
  9 spriggan simulacra (IceCv)
  3 troll simulacra (IceCv)
  A wolf simulacrum (IceCv)
  11 gnolls
  8 adders
  5 naga simulacra (IceCv)
  7 white imps
  7 ufetubi
  A worm (D:2)
  49 orcs
  12 bats
  4 endoplasms
  5 giant cockroaches
  3 goblins
  12 hobgoblins
  7 jackals
  19 kobolds
  2 quokkas
  6 ball pythons
  3 rats
  3 fire vortices (D:12)
382 creatures vanquished.

Vanquished Creatures (others)
  A fungus (D:4)
1 creature vanquished.

Grand Total: 383 creatures vanquished

Notes
Turn   | Place    | Note
-------+----------+-------------------------------------------
     0 | D:1      | LustLizard the Troll Fighter began the quest for the Orb.
     0 | D:1      | Reached XP level 1. HP: 22/22 MP: 0/0
   111 | D:1      | Reached XP level 2. HP: 27/29 MP: 1/1
   668 | D:2      | Found a glowing golden altar of the Shining One.
   683 | D:2      | Reached XP level 3. HP: 36/36 MP: 2/2
   751 | D:2      | Reached skill level 3 in Unarmed Combat
  1405 | D:3      | Reached XP level 4. HP: 43/44 MP: 3/3
  1651 | D:3      | Found a shimmering altar of Xom.
  1763 | D:3      | Found a runed translucent door.
  1763 | D:3      | Noticed Andrakon's ghost (amateur MiFi)
  2292 | D:3      | Noticed a water moccasin
  2398 | D:4      | Reached XP level 5. HP: 53/53 MP: 4/4
  2414 | D:4      | Found a glowing silver altar of Zin.
  2456 | D:4      | Reached skill level 4 in Unarmed Combat
  2492 | D:4      | Found a glowing drain.
  2546 | D:4      | Reached XP level 6. HP: 58/61 MP: 5/5
  2579 | Sewer    | Entered a sewer
  2614 | Sewer    | Noticed Pargi
  2626 | Sewer    | Killed Pargi
  2627 | Sewer    | Reached skill level 5 in Unarmed Combat
  2762 | D:4      | Found an ornate altar of the Wu Jian Council.
  2795 | D:4      | Became a worshipper of the Wu Jian Council
  2948 | D:4      | Reached XP level 7. HP: 67/68 MP: 6/6
  2995 | D:5      | Entered Level 5 of the Dungeon
  3284 | D:5      | Reached * piety under Wu Jian
  3680 | D:6      | Noticed Maggie
  3724 | D:6      | Reached skill level 6 in Unarmed Combat
  3982 | D:6      | Killed Maggie
  3983 | D:6      | Reached skill level 5 in Shields
  3983 | D:6      | Reached skill level 7 in Unarmed Combat
  3983 | D:6      | Reached XP level 8. HP: 79/79 MP: 7/7
  4164 | D:6      | Reached skill level 5 in Fighting
  4443 | D:6      | Reached skill level 8 in Unarmed Combat
  4575 | D:7      | Found Donaotz's Armour Emporium.
  4620 | D:7      | Found a staircase to the Ecumenical Temple.
  4675 | D:7      | Noticed a cyan ugly thing
  4791 | D:7      | Reached XP level 9. HP: 88/88 MP: 8/8
  4887 | D:7      | Reached skill level 9 in Unarmed Combat
  5104 | D:7      | Reached ** piety under Wu Jian
  5137 | D:7      | Found a glowing golden altar of the Shining One.
  5174 | D:7      | Found a snail-covered altar of Cheibriados.
  5482 | D:7      | Found a runed translucent door.
  5483 | D:7      | Noticed Crazy Yiuf
  5487 | D:7      | Killed Crazy Yiuf
  5591 | D:8      | Noticed Joseph
  5608 | D:8      | Killed Joseph
  5609 | D:8      | Reached skill level 10 in Unarmed Combat
  5654 | D:8      | Noticed Grum
  5671 | D:8      | Killed Grum
  5677 | D:8      | Reached XP level 10. HP: 57/100 MP: 9/9
  5714 | D:8      | Found a staircase to the Lair.
  5841 | D:8      | Identified the +0 scale mail of Greater Demons {Regen+
                  | Str+4}
  5874 | D:8      | Noticed Pikel
  5883 | D:8      | Killed Pikel
  5921 | D:8      | Identified the +6 spear of Impish Resourcefulness {freeze,
                  | rPois rN+ Stlth+}
  6572 | D:9      | Noticed a two-headed ogre
  6582 | D:9      | Killed a two-headed ogre
  6583 | D:9      | Reached skill level 11 in Unarmed Combat
  6633 | D:9      | Reached *** piety under Wu Jian
  6660 | D:9      | Noticed a two-headed ogre
  6672 | D:9      | Killed a two-headed ogre
  6826 | D:9      | Found Xidghack's Book Boutique.
  6973 | D:9      | Noticed a two-headed ogre
  6984 | D:9      | Killed a two-headed ogre
  6985 | D:9      | Reached XP level 11. HP: 92/109 MP: 10/10
  7099 | D:10     | Entered Level 10 of the Dungeon
  7458 | D:10     | Reached skill level 12 in Unarmed Combat
  7462 | D:10     | Reached skill level 5 in Dodging
  7702 | D:10     | Found a broken altar of Ashenzari.
  7703 | D:10     | Found a shadowy altar of Dithmenos.
  7708 | D:10     | Found a burning altar of Makhleb.
  7751 | D:10     | Noticed a two-headed ogre
  7760 | D:10     | Killed a two-headed ogre
  7839 | D:10     | Found a portal to a secret trove of treasure.
  8189 | D:11     | Reached **** piety under Wu Jian
  8337 | D:11     | Noticed a boulder beetle
  8343 | D:11     | Killed a boulder beetle
  8357 | D:11     | Noticed a two-headed ogre
  8362 | D:11     | Killed a two-headed ogre
  8431 | D:11     | Found Ykinu's Island Escapes.
  8548 | D:11     | Identified the +9 war axe of Gafragip {flame, rF+ Int+3}
  8956 | D:11     | Bought a scroll of blinking for 112 gold pieces
  8956 | D:11     | Bought a potion of invisibility for 120 gold pieces
  9220 | D:12     | Reached skill level 13 in Unarmed Combat
  9233 | D:12     | Found a frozen archway.
  9248 | IceCv    | Entered an ice cave
  9655 | IceCv    | Reached ***** piety under Wu Jian
  9732 | IceCv    | Reached XP level 12. HP: 120/120 MP: 11/11
  9941 | IceCv    | Noticed a reaper
 10292 | D:12     | Noticed a lich
 10292 | D:12     | Noticed SuperSeabass's ghost (journeyman MeAE)
 10324 | D:12     | Found Kitynnio's Distillery.
 10327 | D:12     | Bought a potion of degeneration for 16 gold pieces
 10473 | D:12     | Noticed a two-headed ogre
 10502 | D:12     | Killed a two-headed ogre
 10552 | D:12     | Found Joam's Assorted Antiques.
 10560 | D:12     | Bought a scroll labelled KIUDITYDIE for 34 gold pieces
 10560 | D:12     | Bought 3 scrolls labelled BONIED XEOGAAD for 102 gold
                  | pieces
 10603 | D:12     | Identified the +11 sling of Defence by Offence {speed, rC-
                  | rCorr Str+7}
 10660 | D:12     | Found Wulec's Magic Scroll Shop.
 10665 | D:12     | Bought a scroll of identify for 32 gold pieces
 10679 | D:12     | Found a staircase to the Orcish Mines.
 10708 | D:12     | Found a runed translucent door.
 10708 | D:12     | Noticed a tengu reaver
 10710 | D:12     | Found a runed translucent door.
 10713 | D:12     | Noticed a frost giant
 10716 | D:12     | Identified the +3 chain mail "Qaesak" {rF+++ Regen+ Dex-3
                  | Slay+2}
 10812 | D:12     | Reached skill level 14 in Unarmed Combat
 10950 | D:12     | Found John Lambton's Dragon-Slaying Spoils.
 11187 | D:12     | Found Yfas's Weapon Shop.
 11896 | D:13     | Noticed a six-headed hydra
 11931 | D:13     | Killed a six-headed hydra
 12701 | D:14     | Noticed Agnes
 12726 | D:14     | Slain by Agnes

Illustrated notes

Levels and vault maps discovered:
D:1:      minmay_arrival_wavy_path, layout_loops_ring
D:2:      layout_basic, basic_altar, minmay_stone_trees_small,
          hangedman_glass_teeth, nicolae_concentric_dashed_squares_wild
D:3:      layout_basic, mainiacjoe_overflow_boulevard, ebering_ghost_inner_flame
D:4:      layout_rooms, mainiacjoe_overflow_chevrons, nzn_wu_jian_council_hall,
          cheibrodos_sewer_entry_drain
D:5:      layout_loops_cross
D:6:      layout_loops_cross, minmay_starry_boxes, uniq_maggie
D:7:      cheibrodos_barr_body, layout_cave_pods, overflow_temple_1_default,
          nicolae_tso_carved_into_rock, minmay_temple_entry_mist,
          serial_column_ruins, column_ruins_open_small, column_ruins_open_small,
          column_ruins_corridor_corner, column_ruins_grid_3,
          column_ruins_grid_4, serial_shops, shop, uniq_crazy_yiuf_cottage
D:8:      layout_loops_corners, lair_entry_dummy, uniq_joseph, uniq_grum,
          uniq_pikel
D:9:      layout_rooms, serial_shops, nicolae_diamond_shop
D:10:     layout_small_grid, minitemple, nicolae_trove_entry_columns
D:11:     layout_roguey [special_room_bee], nicolae_island_escapes
D:12:     lemuel_ice_spiral_2, layout_basic, orc_0_dummy, portal_ice_cave_rime,
          muffindrake_ghost_dual_entry, serial_shops, kennysheep_little_box,
          kennysheep_mini_moat, nicolae_shop_hallway_stairs,
          nicolae_shop_hallway_plus, nicolae_shop_dragon_depot,
          hangedman_incinerator
D:13:     layout_roguey
D:14:     layout_irregular_city, grunt_vaults_entry_fortified,
          hangedman_abyss_or_decor_stabs, bh_walls_and_bars, uniq_azrael,
          uniq_agnes, uniq_snorg

Skill      XL: |  1  2  3  4  5  6  7  8  9 10 11 12 |
---------------+-------------------------------------+-----
Shields        | 3 4 5 6 7 8 9 |  9.8
Unarmed Combat | 3 4 5 7 8 10 11 13 14 | 14.4
Fighting       | 3 4 5 6 7 8 9 |  9.0
Dodging        | 3 4 6 7 |  7.0

Action                   |  1- 3 |  4- 6 |  7- 9 | 10-12 || total
-------------------------+-------+-------+-------+-------++-------
Melee: Unarmed           |    87 |   170 |   286 |   821 ||  1364
Throw: Dart              |       |     3 |     8 |    19 ||    30
       Throwing net      |       |       |     1 |       ||     1
Invok: Lunge             |       |     2 |    16 |    43 ||    61
       Whirlwind         |       |       |     1 |    24 ||    25
       Heavenly Storm    |       |       |       |     1 ||     1
  Use: Scroll            |     1 |       |     5 |    22 ||    28
       Potion            |       |     1 |     1 |     3 ||     5
 Stab: Sleeping          |       |       |       |     2 ||     2
       Distracted        |       |       |       |     1 ||     1
Armor: Robe              |    33 |    74 |       |       ||   107
       Troll leather arm |       |    19 |    85 |   271 ||   375
       Skin              |       |       |       |    19 ||    19
Dodge: Dodged            |    30 |    71 |    57 |   231 ||   389
Block: Kite shield       |    22 |    85 |    81 |   305 ||   493
